 Dungeon Crawl Stone Soup version 0.23.0 (webtiles) character file.

Game seed: 5734906074583873607

4348 inmateoo the Grappler (level 10, -1/98 HPs)
             Began as a Troll Hunter on Feb 9, 2019.
             Was an Elder of Okawaru.
             Slain by a hornet (5 damage)
             ... while paralysed by a hornet
             ... on level 8 of the Dungeon.
             The game lasted 00:09:33 (6461 turns).

inmateoo the Grappler (Troll Hunter)                Turns: 6461, Time: 00:09:34

Health: -1/98      AC:  7    Str: 25    XL:     10   Next: 12%
Magic:  9/9        EV:  1    Int:  9    God:    Okawaru [****..]
Gold:   406        SH:  0    Dex: 10    Spells: 9/9 levels left

rFire    + . .     SeeInvis .     - Unarmed
rCold    + . .     Gourm    +   (no shield)
rNeg     . . .     Faith    .   b - +0 robe
rPois    .         Spirit   .   (helmet restricted)
rElec    .         Reflect  .   t - +0 cloak of the Moon {rF+ MR+ Int+2 Stlth+}
rCorr    +         Harm     .   (gloves unavailable)
MR       +....                  (boots unavailable)
Stlth    ++........             (no amulet)
HPRegen  0.66/turn              j - ring of protection from cold
MPRegen  0.11/turn              h - ring of resist corrosion

@: paralysed, lethally poisoned (-1 -> -16), slowed
A: large, unfitting armour, claws 3, fast metabolism 3, gourmand, regeneration
1, shaggy fur 1, tough skin 3
a: Heroism, Renounce Religion


You were on level 8 of the Dungeon.
You worshipped Okawaru.
Okawaru was greatly pleased with you.
You were full.

You visited 1 branch of the dungeon, and saw 8 of its levels.

You collected 406 gold pieces.

Inventory:

Missiles
 c - 5 large rocks (quivered)
 d - 2 throwing nets
 C - 7 steel tomahawks
Armour
 b - a +0 robe (worn)
 t - the +0 cloak of the Moon (worn) {rF+ MR+ Int+2 Stlth+}
   (You found it on level 5 of the Dungeon)

   It affects your intelligence (+2).
   It protects you from fire.
   It affects your resistance to hostile enchantments.
   It makes you more stealthy.
Jewellery
 h - a ring of resist corrosion (right claw)
 j - a ring of protection from cold (left claw)
 v - an uncursed ring of fire
Wands
 y - a wand of scattershot (2)
 z - a wand of flame (18)
 B - a wand of random effects (21)
 E - a wand of acid (4)
 H - a wand of paralysis (7)
Scrolls
 e - 4 scrolls of teleportation
 k - 2 scrolls of enchant armour
 F - a scroll of amnesia
Potions
 a - a potion of agility
 g - a potion of curing
 i - a potion of mutation {unknown}
 l - 3 potions of flight
 m - a potion of cancellation {unknown}
 n - a potion of magic
 o - 3 potions of heal wounds
 p - a potion of lignification
 r - a potion of ambrosia
 s - 2 potions of degeneration {unknown}
 u - a potion of might
 x - a potion of invisibility
Comestibles
 f - 9 rations


   Skills:
 + Level 6.0 Fighting
 + Level 6.5 Throwing
 + Level 5.1 Dodging
 - Level 0.3 Stealth
 * Level 10.0 Unarmed Combat


You had 9 spell levels left.
You didn't know any spells.
Your spell library was empty.

Dungeon Overview and Level Annotations

Branches:
Dungeon (8/15)             Temple (0/1) D:6
   Lair: D:8-11

Altars:
Ashenzari
Kikubaaqudgha
Okawaru
Qazlal
Sif Muna
Trog
Uskayaw
Xom


Innate Abilities, Weirdness & Mutations

You are too large for most types of armour.
You have claws for hands.
Your metabolism is lightning-fast.
You like to eat raw meat.
Your natural rate of healing is unusually fast.
You are covered in fur. (AC +1)
You have extremely tough skin. (AC +3)


Message History

You barely miss the hornet.
The hornet is almost dead.
* * * LOW HITPOINT WARNING * * *
You feel very sick. The hornet misses you.
Unknown command.
Okay, then.
You completely miss the hornet.
The hornet is almost dead.
* * * LOW HITPOINT WARNING * * *
You feel very sick. The hornet stings you.
* * * LOW HITPOINT WARNING * * *
You suddenly lose the ability to move!
The hornet stings you.
* * * LOW HITPOINT WARNING * * *
You feel as though you will be slow longer.
* * * LOW HITPOINT WARNING * * *
You feel very sick. The hornet stings you.
You die...

..#.....,,.....................##
..#...#,,**#......#...†.....#....
###...#*,* #......?...........##.
......##+###...#..............#*,
....#.................<....##...,
.........................###,...,
................†..........,,,..,
............................,,,,,
...##...........@..##......#.,,,,
...#*,..........y..##....#..,,,**
...###*####..............#,*,,,*
##...###*,#...............,*,,,*
###...##,#.............,,,*,,,**
##...#...............,,,**,,,*
###...##.......#.......,,,**,,,*
##...###*.......,..#....,,,***,,,
...### *,,,,,,,,,,,,,,*,,,* *,,,


You could see a hornet.

Vanquished Creatures
  The ghost of MirrMurr the Ducker, a novice SpBe of Trog (D:6)
  Grinder (D:4)
  Sigmund (D:3)
  A vampire (D:5)
  A wraith (D:6)
  Grum (D:8)
  Menkaure (D:4)
  The ghost of Killmatronix the Slasher, an amateur VSWn (D:3)
  3 orc warriors
  2 black bears
  A phantom (D:6)
  A sky beast (D:5)
  An ice beast (D:6)
  2 ogres
  2 necrophages
  2 wolves (D:8)
  Blork the orc (D:5)
  4 scorpions
  A howler monkey (D:4)
  4 wights (D:6)
  A crimson imp (D:7)
  5 hounds
  A jelly (D:6)
  9 orc wizards
  5 orc priests
  2 bullfrog skeletons
  2 centaur skeletons
  Jessica (D:3)
  3 iguanas
  Natasha (thrice) (D:1)
  4 worker ants
  A mummy (D:6)
  2 worker ant zombies
  8 adders
  7 gnolls
  A hound simulacrum (D:3)
  An ooze (D:1)
  2 adder skeletons (D:4)
  2 worms
  3 dart slugs (D:1)
  2 adder simulacra (D:3)
  6 leopard geckos
  24 orcs
  A ball python (D:1)
  7 bats
  A giant cockroach (D:1)
  10 goblins
  10 hobgoblins
  3 jackals (D:8)
  2 quokkas
  9 frilled lizards
  2 giant cockroach simulacra (D:3)
  A jackal simulacrum (D:3)
  A jackal zombie (D:5)
  8 kobolds
  A leopard gecko skeleton (D:7)
  A quokka skeleton (D:4)
  10 rats
194 creatures vanquished.

Vanquished Creatures (others)
  5 toadstools (D:1)
5 creatures vanquished.

Grand Total: 199 creatures vanquished

Notes
Turn   | Place    | Note
-------+----------+-------------------------------------------
     0 | D:1      | inmateoo the Troll Hunter began the quest for the Orb.
     0 | D:1      | Reached XP level 1. HP: 19/19 MP: 0/0
    52 | D:1      | Reached skill level 1 in Unarmed Combat
   172 | D:1      | Reached XP level 2. HP: 27/27 MP: 1/1
   264 | D:1      | Reached skill level 2 in Unarmed Combat
   352 | D:1      | Reached XP level 3. HP: 35/35 MP: 2/2
   588 | D:2      | Noticed Natasha
   606 | D:1      | Killed Natasha
   606 | D:1      | Reached skill level 3 in Unarmed Combat
   606 | D:1      | Reached XP level 4. HP: 12/42 MP: 3/3
   645 | D:1      | Noticed Natasha
   658 | D:1      | Killed Natasha
   816 | D:1      | Noticed Natasha
   831 | D:1      | Killed Natasha
   879 | D:2      | Reached XP level 5. HP: 27/50 MP: 4/4
   924 | D:2      | Reached skill level 4 in Unarmed Combat
  1428 | D:3      | Noticed Sigmund
  1439 | D:3      | Killed Sigmund
  1439 | D:3      | Reached skill level 5 in Unarmed Combat
  1439 | D:3      | Reached XP level 6. HP: 57/61 MP: 5/5
  1577 | D:3      | Found a runed translucent gate.
  1577 | D:3      | Found a runed translucent gate.
  1577 | D:3      | Found a runed translucent gate.
  1580 | D:3      | Found a bloodstained altar of Trog.
  1743 | D:3      | Found an iron altar of Okawaru.
  1774 | D:3      | Became a worshipper of Warmaster Okawaru
  1890 | D:3      | Noticed Killmatronix's ghost (amateur VSWn)
  1925 | D:3      | Noticed Jessica
  1930 | D:3      | Killed Jessica
  2174 | D:3      | Killed Killmatronix's ghost
  2181 | D:3      | Reached XP level 7. HP: 51/67 MP: 6/6
  2251 | D:4      | Noticed Menkaure
  2260 | D:4      | Killed Menkaure
  2260 | D:4      | Reached skill level 6 in Unarmed Combat
  2300 | D:3      | HP: 3/68 [worker ant (2)]
  2307 | D:3      | HP: 2/68 [worker ant (4)]
  2313 | D:3      | HP: 2/68 [worker ant (2)]
  2445 | D:4      | Reached * piety under Okawaru
  2782 | D:4      | Noticed Grinder
  2800 | D:4      | Killed Grinder
  2800 | D:4      | Reached XP level 8. HP: 61/78 MP: 7/7
  2855 | D:4      | Reached ** piety under Okawaru
  2855 | D:4      | Reached skill level 7 in Unarmed Combat
  3370 | D:5      | Entered Level 5 of the Dungeon
  3390 | D:5      | Reached skill level 5 in Throwing
  3444 | D:5      | Got a shimmering cloak
  3455 | D:5      | Identified the cursed +0 cloak of the Moon {rF+ MR+ Int+2
                  | Stlth+} (You found it on level 5 of the Dungeon)
  3549 | D:5      | Found an ancient bone altar of Kikubaaqudgha.
  3831 | D:5      | Reached skill level 8 in Unarmed Combat
  3972 | D:5      | Noticed Blork the orc
  3980 | D:5      | Killed Blork the orc
  4426 | D:6      | Reached *** piety under Okawaru
  4426 | D:6      | Reached XP level 9. HP: 29/87 MP: 8/8
  4532 | D:6      | Found a transporter.
  4538 | D:6      | Reached skill level 5 in Fighting
  4540 | D:6      | Found a transporter.
  4598 | D:6      | Noticed MirrMurr's ghost (novice SpBe)
  4791 | D:6      | Received a gift from Okawaru
  5067 | D:6      | Found a staircase to the Ecumenical Temple.
  5447 | D:6      | Killed MirrMurr's ghost
  5447 | D:6      | Reached skill level 9 in Unarmed Combat
  5609 | D:7      | Found a deep blue altar of Sif Muna.
  5709 | D:7      | Found a stormy altar of Qazlal.
  6053 | D:7      | Reached skill level 5 in Dodging
  6116 | D:7      | Reached XP level 10. HP: 98/98 MP: 9/9
  6292 | D:8      | Found a hide-covered altar of Uskayaw.
  6292 | D:8      | Noticed a +0 dagger
  6292 | D:8      | Noticed a +0 hand axe
  6396 | D:8      | Found a shimmering altar of Xom.
  6419 | D:8      | Found a shattered altar of Ashenzari.
  6437 | D:8      | Noticed Grum
  6443 | D:8      | Reached **** piety under Okawaru
  6451 | D:8      | Killed Grum
  6451 | D:8      | Reached skill level 10 in Unarmed Combat
  6456 | D:8      | Paralysed by a hornet for 2 turns
  6460 | D:8      | Paralysed by a hornet for 3 turns
  6461 | D:8      | HP: 4/98 [poisoned by a hornet]
  6461 | D:8      | Slain by a hornet

Skill      XL: |  1  2  3  4  5  6  7  8  9 10 |
---------------+-------------------------------+-----
Unarmed Combat | 1 2 3 5 6 8 9 10 | 10.0
Fighting       | 2 3 4 5 6 |  6.0
Throwing       | 4 5 6 |  6.5
Dodging        | 2 3 5 |  5.1
Stealth        | |  0.3

Action                   |  1- 3 |  4- 6 |  7- 9 | 10-12 || total
-------------------------+-------+-------+-------+-------++-------
Melee: Unarmed           |    91 |   157 |   360 |    41 ||   649
       Punch             |       |       |     8 |     2 ||    10
Invok: Heroism           |       |       |     1 |       ||     1
  Use: Scroll            |       |       |    13 |     7 ||    20
       Potion            |       |       |     2 |       ||     2
 Stab: Sleeping          |       |     3 |     4 |     3 ||    10
  Eat: Chunk             |     8 |    16 |    32 |     3 ||    59
       Ration            |       |       |     1 |       ||     1
Armor: Robe              |    41 |    62 |   116 |     5 ||   224
Dodge: Dodged            |    52 |    75 |   178 |    16 ||   321
